 Dungeon Crawl Stone Soup version 0.24.0-10-g970556be89 (webtiles) character file.

Game seed: 3653903924695043583, levelgen mode: deterministic

215 Mesmaeker13 the Conjurer (level 5, 0/31 HPs)
             Began as an Octopode Conjurer on Nov 3, 2019.
             Slain by an adder (5 damage)
             ... on level 3 of the Dungeon.
             The game lasted 00:04:51 (3570 turns).

Mesmaeker13 the Conjurer (Octopode Conjurer)        Turns: 3570, Time: 00:04:52

Health: 0/31       AC:  1    Str:  6 (7)  XL:     5   Next: 92%
Magic:  2/10       EV: 13    Int: 17 (19) God:
Gold:   95         SH:  3    Dex:  9 (12) Spells: 7/10 levels left

rFire    . . .     SeeInvis .   g - +0 spear
rCold    . . .     Gourm    .   p - +0 buckler
rNeg     . . .     Faith    .   (helmet restricted)
rPois    .         Spirit   .   (no amulet)
rElec    .         Reflect  .   (no ring)
rCorr    .         Harm     .   (no ring)
MR       .....                  (no ring)
Stlth    +++.......             (no ring)
HPRegen  0.10/turn              (no ring)
MPRegen  0.12/turn              (no ring)
                                (no ring)
                                (no ring)

@: lethally poisoned (0 -> -6)
A: almost no armour, stealthy swim, amphibious, 8 rings, constrict 8, camouflage
1, gelatinous body 1
a: no special abilities


You were on level 3 of the Dungeon.
You were not hungry.

You visited 1 branch of the dungeon, and saw 3 of its levels.

You collected 95 gold pieces.

Inventory:

Hand Weapons
 g - a +0 spear (weapon)
 t - a +1 hand axe of draining
Missiles
 c - 15 poisoned darts (quivered)
Armour
 n - a +0 shield
 p - a +0 buckler (worn)
Jewellery
 s - an uncursed ring of resist corrosion {unknown}
Wands
 e - a wand of iceblast (3)
Scrolls
 a - 2 scrolls of remove curse
 h - 4 scrolls of random uselessness
 k - a scroll of fear
 q - a scroll of teleportation {unknown}
 r - a scroll of identify
Potions
 i - 5 potions of flight
 j - a potion of lignification {unknown}
 l - a potion of mutation {unknown}
 m - a potion of haste
 o - a potion of brilliance {unknown}
Comestibles
 b - 5 rations
 d - a chunk of flesh


   Skills:
 + Level 3.7 Dodging
 - Level 2.6 Stealth
 + Level 0.4 Shields
 + Level 3.4 Spellcasting
 + Level 5.1 Conjurations


You had 7 spell levels left.
You knew the following spells:

 Your Spells              Type           Power        Failure   Level  Hunger
a - Magic Dart            Conj           ###.         3%          1    None
b - Searing Ray           Conj           ###...       4%          2    ##.....

Your spell library contained the following spells:

 Spells                   Type           Power        Failure   Level  Hunger
 Dazzling Spray           Conj/Hex       ##....       26%         3    ###....
 Iskenderun's Mystic Bla  Conj           ###.....     30%         4    ####...
 Force Lance              Conj/Tloc      ##......     65%         4    ####...
 Fulminant Prism          Conj/Hex       ##........   65%         4    ####...


Dungeon Overview and Level Annotations

Branches:
Dungeon (3/15)

Altars:
Qazlal
Xom


Innate Abilities, Weirdness & Mutations

You cannot wear most types of armour.
You are very stealthy in the water. (Stealth+)
You are amphibious.
You can wear up to eight rings at the same time.
You can use your tentacles to constrict eight enemies at once.
Your skin changes colour to match your surroundings (Stealth+).
Your rubbery body absorbs attacks. (AC +1, EV +1)


Message History

You miss the adder. Your grab misses the adder.
The adder is almost dead.
The adder bites you. x2
You are more poisoned.
The adder poisons you!
You hit the adder but do no damage. Your grab misses the adder.
The adder is almost dead.
You feel sick. The adder bites you.
You barely miss the adder. Your grab misses the adder.
The adder is almost dead.
You feel sick. The adder bites you.
* * * LOW HITPOINT WARNING * * *
The adder bites you.
* * * LOW HITPOINT WARNING * * *
Unknown command.
It was a potion of degeneration.
There was something very wrong with that liquid.
You feel weakened.
You feel dopey.
You feel clumsy. The adder bites you.
You die...

#..≈≈≈≈≈♣≈ #.≈≈≈≈≈_. ≈
#.≈≈≈≈..♣≈≈ #≈.≈≈≈≈o≈≈≈
#≈≈≈≈≈≈≈≈≈≈ #≈≈≈≈≈≈≈≈≈≈
#.≈≈S.≈≈≈≈≈ ##.≈@≈.≈≈)≈≈
##...######## ####.....#
.........# ..... ####.....#
#...# ##.>.## #...#
####.####### #...#
#######......#...## #...#
#.......##.#..###.####...####


You could see an adder and an orc.

Vanquished Creatures
  An orc priest (D:2)
  2 orc wizards (D:2)
  6 adders
  2 oozes (D:1)
  A worm (D:2)
  2 dart slugs
  2 leopard geckos (D:2)
  5 orcs
  2 giant cockroaches
  6 goblins
  7 hobgoblins
  A ball python (D:2)
  8 bats
  6 frilled lizards
  4 kobolds
  2 rats (D:2)
57 creatures vanquished.

Notes
Turn   | Place    | Note
-------+----------+-------------------------------------------
     0 | D:1      | Mesmaeker13 the Octopode Conjurer began the quest for the
                  | Orb.
     0 | D:1      | Reached XP level 1. HP: 11/11 MP: 3/3
   447 | D:1      | Reached XP level 2. HP: 12/17 MP: 0/5
  1253 | D:2      | Reached XP level 3. HP: 21/21 MP: 0/6
  1404 | D:2      | Found a shimmering altar of Xom.
  1418 | D:2      | Learned a level 2 spell: Searing Ray
  1828 | D:2      | Reached XP level 4. HP: 13/27 MP: 8/8
  2289 | D:2      | Reached XP level 5. HP: 31/31 MP: 7/9
  2294 | D:2      | Reached skill level 5 in Conjurations
  3429 | D:3      | Found a stormy altar of Qazlal.
  3549 | D:3      | Found a faded altar of an unknown god.
  3570 | D:3      | Slain by an adder

Levels and vault maps discovered:
D:1:      nzn_arrival_crosshair, layout_basic
D:2:      wad_river_or_something, layout_loops_ring, serial_forest,
          infiniplex_forest_clump_long, infiniplex_forest_clump_tiny,
          infiniplex_forest_lined_room_3, infiniplex_forest_straight_4,
          infiniplex_forest_lined_3_way, infiniplex_forest_clump_diagonal,
          infiniplex_forest_straight_4, xom_teletrap_fun
D:3:      layout_loops_cross, amethyst_overflow_temple_binary,
          chequers_ecumenical_altar_island, nicolae_qazlal_eye_of_the_storm

Skill      XL: |  1  2  3  4  5 |
---------------+----------------+-----
Dodging        | 3 |  3.7
Spellcasting   | 3 |  3.4
Conjurations   | 5 |  5.1
Stealth        | |  2.6
Shields        | |  0.4

Action                   |  1- 3 |  4- 6 || total
-------------------------+-------+-------++-------
Melee: Unarmed           |     5 |       ||     5
       Tentacles         |     3 |     2 ||     5
       Spear             |    10 |    15 ||    25
       Constrict         |     1 |     3 ||     4
Throw: Dart              |     8 |       ||     8
 Cast: Magic Dart        |    54 |    65 ||   119
Evoke: Wand              |       |     2 ||     2
  Use: Scroll            |     1 |     3 ||     4
       Potion            |     3 |     1 ||     4
 Stab: Sleeping          |       |     1 ||     1
  Eat: Chunk             |     3 |     2 ||     5
       Ration            |       |     1 ||     1
Dodge: Dodged            |    17 |    11 ||    28
